 Dungeon Crawl Stone Soup version 0.30.1-11-g7821555f0a (webtiles) character file.

Game seed: 9679387844185693097

79 porpoise the Firebug (level 4, -12/33 HPs)
             Began as a Draconian Fire Elementalist on Dec 3, 2023.
             Killed by nerve-wracking pain
             ... invoked by an orc priest
              (14 damage)
             ... on level 3 of the Dungeon.
             The game lasted 00:11:28 (2187 turns).

porpoise the Firebug (Draconian Fire Elementalist)  Turns: 2187, Time: 00:11:28

Health: -12/33     AC:  5    Str: 10    XL:     4   Next: 16%
Magic:  8/8        EV: 12    Int: 17    God:
Gold:   61         SH:  0    Dex: 12    Spells: 2/8 levels left

rFire   . . .        a - +3 dagger
rCold   . . .        (no shield)
rNeg    . . .        (body armour unavailable)
rPois   .            (helmet restricted)
rElec   .            (no cloak)
rCorr   .            (no gloves)
SInv    .            (no boots)
Will    .....        (no amulet)
Stlth   ++           (no ring)
HPRegen 0.25/turn    (no ring)
MPRegen 0.11/turn

%: no passive effects
@: no status effects
A: AC +5, unfitting armour, cold-blooded
a: no special abilities


You were on level 3 of the Dungeon.
You visited 1 branch of the dungeon, and saw 3 of its levels.

You collected 61 gold pieces.

Inventory:

Hand Weapons
 a - a +3 dagger (weapon)
Missiles
 k - 6 poisoned darts
Scrolls
 b - a scroll of silence
 c - a scroll of poison {unknown}
 d - a scroll of immolation {unknown}
 g - a scroll of summoning
 j - a scroll of vulnerability {unknown}
 o - a scroll of fog {unknown}
Potions
 f - a potion of might
 l - a potion of berserk rage
 m - a potion of brilliance {unknown}
 n - a potion of curing {unknown}


   Skills:
 - Level 1.7 Dodging
 - Level 1.7 Stealth
 + Level 2.7 Spellcasting
 + Level 2.5 Conjurations
 + Level 3.9 Fire Magic


You had 2 spell levels left.
You knew the following spells:

 Your Spells              Type           Power      Damage    Failure   Level
a - Foxfire               Conj/Fire      52%        2x1d6     4%          1
b - Scorch                Fire           30%        2d6       5%          2
c - Volatile Blastmotes   Fire/Tloc      16%        2d11      24%         3

Your spell library contained the following spells:

 Spells                   Type           Power      Damage    Failure   Level
 Blink                    Tloc           4%         N/A       26%         2
 Ensorcelled Hibernation  Hex/Ice        4%         N/A       26%         2
 Inner Flame              Hex/Fire       8%         N/A       24%         3
 Flame Wave               Conj/Fire      13%        2d6       43%         4
 Spider Form              Tmut/Pois      2%         N/A       47%         3
 Anguish                  Hex/Necr       1%         N/A       87%         4
 Manifold Assault         Tloc           2%         N/A       87%         4
 Storm Form               Tmut/Air       1%         N/A       100%        7


Dungeon Overview and Level Annotations

Branches:
Dungeon (3/15)

Altars:
The Shining One


Innate Abilities, Weirdness & Mutations

Your plain brown scales are hard. (AC +5)
You cannot fit into any form of body armour.
You are cold-blooded and may be slowed by cold attacks.


Message History

The kobold hits you but does no damage.
The orc priest invokes the aid of Beogh against you.
Pain shoots through your body!
* * * LOW HITPOINT WARNING * * *
The orc hits you but does no damage.
You feel much better.
The foxfire hits the orc.
The orc is severely wounded.
The foxfire hits the giant cockroach but does no damage.
The giant cockroach misses you. The orc hits you with a +0 flail.
The kobold hits you with a +0 dagger.
The orc priest hits you with a +0 hand axe.
You hit the orc priest.
The orc priest is severely wounded.
The giant cockroach bites you but does no damage.
The kobold hits you but does no damage.
The orc priest hits you with a +0 hand axe.
The orc hits you with a +0 flail.
You hit the orc priest but do no damage.
The orc priest is severely wounded.
The giant cockroach closely misses you. The kobold hits you but does no damage.
The orc priest calls upon Beogh to heal the orc.
The orc's wounds heal themselves!
The orc hits you but does no damage.
You barely miss the orc priest.
The orc priest is severely wounded.
The giant cockroach bites you. The kobold hits you but does no damage.
The giant cockroach bites you but does no damage.
The orc priest closely misses you. The orc barely misses you.
You hit the orc priest but do no damage.
The orc priest is severely wounded.
The giant cockroach bites you but does no damage.
The kobold hits you but does no damage.
The orc priest hits you but does no damage.
The orc hits you with a +0 flail!
* * * LOW HITPOINT WARNING * * *
Magic courses through your body. The giant cockroach bites you.
* * * LOW HITPOINT WARNING * * *
The kobold barely misses you.
The orc priest invokes the aid of Beogh against you.
Pain shoots through your body!
You die...

.# .# .#
###############.#
.#
#...............###
.#
#.#######.......>.#
.# #.# #.........#
.###.# #.....B...#
...#.# #....@K...+
.#.#.# #....oo)..#
...#.#
#........))..
.....#
#.....?.....$
.#####
#............ .#
#####+#...... .#
...... .### ......
...##


You could see an orc priest, an orc, a giant cockroach and a kobold.

Vanquished Creatures
  An orc wizard (D:3)
  A worm (D:2)
  6 orcs
  8 bats
  An endoplasm (D:2)
  2 giant cockroaches (D:1)
  5 goblins
  2 hobgoblins
  4 kobolds
  2 quokkas
  4 ball pythons
  4 frilled lizards
40 creatures vanquished.

Vanquished Creatures (others)
  87 foxfires
87 creatures vanquished.

Grand Total: 127 creatures vanquished

Notes
Turn   | Place    | Note
-------+----------+-------------------------------------------
     0 | D:1      | porpoise the Draconian Fire Elementalist began the quest
                  | for the Orb.
     0 | D:1      | Reached XP level 1. HP: 14/14 MP: 3/3
   270 | D:1      | Reached XP level 2. HP: 20/20 MP: 3/5
   273 | D:1      | Learned a level 2 spell: Scorch
  1183 | D:2      | Found a glowing golden altar of the Shining One.
  1253 | D:2      | Reached XP level 3. HP: 26/26 MP: 2/6
  1918 | D:3      | Reached XP level 4. HP: 33/33 MP: 4/7
  1949 | D:3      | Learned a level 3 spell: Volatile Blastmotes
  2187 | D:3      | Killed from afar by an orc priest

Illustrated notes

Levels and vault maps discovered:
D:1:      reono_arrival_mine, layout_loops_ring, solitary_fountain
D:2:      layout_loops_ring, basic_altar
D:3:      layout_basic, minmay_fractal_squares_diagonal_5

Skill      XL: |  1  2 |
---------------+-------+-----
Conjurations   | 2 |  2.5
Dodging        | |  1.7
Stealth        | |  1.7
Spellcasting   | |  2.7
Fire Magic     | |  3.9

Action                     |  1- 3 |  4- 6 || total
---------------------------+-------+-------++-------
  Melee: Dagger            |    22 |    17 ||    39
         Unarmed           |     1 |       ||     1
         Tailslap          |     2 |     2 ||     4
   Cast: Foxfire           |    41 |     7 ||    48
         Scorch            |     1 |     1 ||     2
    Use: Scroll            |       |     5 ||     5
         Potion            |       |     2 ||     2
 Armour: Skin              |     6 |    14 ||    20
  Dodge: Dodged            |    16 |    19 ||    35
